 Dungeon Crawl Stone Soup version 0.29.1-12-g30fa7ad0bf (webtiles) character file.

Game seed: 16087181900046370684

65 Radix the Cutter (level 3, -1/22 HPs)
             Began as a Vampire Abyssal Knight on Dec 15, 2022.
             Was a Believer of Lugonu.
             Hit by a stone thrown by a kobold (2 damage)
             ... on level 3 of the Dungeon.
             The game lasted 00:08:23 (2327 turns).

Radix the Cutter (Vampire Abyssal Knight)           Turns: 2327, Time: 00:08:23

Health: -1/22      AC:  3    Str: 12    XL:     3   Next: 94%
Magic:  4/4        EV: 12    Int: 12    God:    Lugonu [**....]
Gold:   91         SH:  0    Dex: 16    Spells: 2/2 levels left

rFire   . . .      SeeInvis +   a - +1 short sword
rCold   + + .      Faith    .   (no shield)
rNeg    + + +      Spirit   .   b - +0 leather armour
rPois   ∞          Reflect  .   (no helmet)
rElec   .          Harm     .   (no cloak)
rCorr   .          Rampage  .   (no gloves)
Will    .....                   (no boots)
Stlth   +++.......              (no amulet)
HPRegen 0.00/turn               (no ring)
MPRegen 0.09/turn               (no ring)

@: confused, bloodless, inhibited regen
A: bloodless, fangs 3, see invisible, vampiric 2
a: Bat Form, Revivify, Renounce Religion, Depart the Abyss, Bend Space


You were on level 3 of the Dungeon.
You worshipped Lugonu.
Lugonu was pleased with you.
You visited 1 branch of the dungeon, and saw 3 of its levels.
You visited the Abyss 1 time.

You collected 91 gold pieces.

Inventory:

Hand Weapons
 a - a +1 short sword (weapon)
Armour
 b - a +0 leather armour (worn)
Wands
 k - a wand of roots (10)
Scrolls
 c - a scroll of immolation {unknown}
 d - a scroll of torment {unknown}
 e - a scroll of enchant weapon {unknown}
 f - a scroll of acquirement {unknown}
 j - 2 scrolls of identify {unknown}
 m - a scroll of vulnerability {unknown}
Potions
 g - 2 potions of cancellation {unknown}
 h - 2 potions of heal wounds {unknown}
 i - a potion of curing {unknown}
 l - a potion of might {unknown}


   Skills:
 - Level 2.6 Fighting
 + Level 3.2 Short Blades
 - Level 0.7 Armour
 - Level 2.1 Dodging
 + Level 3.2 Stealth
 + Level 2.5 Invocations


You had 2 spell levels left.
You didn't know any spells.
Your spell library was empty.

Dungeon Overview and Level Annotations

Branches:
Dungeon (3/15)

Altars:


Innate Abilities, Weirdness & Mutations

You do not regenerate when monsters are visible.
You are frail without blood (-20% HP).
You can heal yourself when you bite living creatures.
You are immune to poison.
You have razor-sharp teeth.
You have supernaturally acute eyesight. (SInv)
You are afflicted with vampirism and can become a bat while bloodless.


Message History

The ball python hisses angrily.
The adder closely misses you. The kobold attacks as you move away!
The kobold barely misses you.
The orc wizard casts a spell.
The orc wizard flickers and vanishes for a moment.
The adder bites you but does no damage. The adder attacks as you move away!
The adder bites you. The kobold attacks as you move away!
The kobold misses you. The adder attacks as you move away!
The adder misses you. The kobold attacks as you move away!
The kobold hits you with a +0 short sword.
The ball python bites you but does no damage.
The ball python closely misses you. The adder barely misses you.
The ball python attacks as you move away!
The ball python bites you. The adder attacks as you move away!
The adder barely misses you. The kobold attacks as you move away!
The kobold hits you with a +0 short sword.
The kobold hits you with a +0 short sword.
* * * LOW HITPOINT WARNING * * *
The adder barely misses you.
The kobold throws a stone.
The stone hits you.
* * * LOW HITPOINT WARNING * * *
The adder misses you. The adder bites you but does no damage.
The adder attacks as you move away! The adder barely misses you.
The orc wizard barely misses you. The ball python bites you.
* * * LOW HITPOINT WARNING * * *
The ball python grabs you. The ball python constricts you.
You escape the ball python's grasp.
The orc wizard attacks as you move away!
The orc wizard completely misses you. The adder attacks as you move away!
The adder barely misses you. The adder attacks as you move away!
The adder bites you.
* * * LOW HITPOINT WARNING * * *
The orc wizard gestures at you while chanting.
You are confused.
The kobold throws a stone.
The stone barely misses the orc wizard.
The stone hits you.
You die...

o... ##... ...#≈
####..#. ....≈
##....##. ....
#..#####.
#######+#+...######.##
#.
#.........####......#
#.
#..........)##.######
## #..............###
#.......S.@>.....#
#.......oS........#
#.....K.....####..#
#..........## ..#
#..........# ....
#..........# .K.o
#..........# ###.
############


You could see an orc wizard (invisible), an adder, a ball python and a kobold.

Vanquished Creatures
  3 adders (D:2)
  A worm (D:2)
  An endoplasm (D:2)
  2 giant cockroaches (D:2)
  8 goblins
  2 hobgoblins
  3 jackals (D:1)
  2 ball pythons
  4 bats
  2 frilled lizards (D:1)
  5 kobolds
  2 rats (D:1)
35 creatures vanquished.

Notes
Turn   | Place    | Note
-------+----------+-------------------------------------------
     0 | Abyss:1  | Radix the Vampire Abyssal Knight began the quest for the
                  | Orb.
     0 | Abyss:1  | Reached XP level 1. HP: 17/17 MP: 2/2
     1 | D:1      | Escaped the Abyss
   126 | D:1      | Reached skill level 1 in Stealth
   533 | D:1      | Reached XP level 2. HP: 4/18 MP: 3/3
  1666 | D:2      | Gained mutation: You are afflicted with vampirism and can
                  | become a bat while bloodless. [Vampire growth]
  1666 | D:2      | Reached XP level 3. HP: 22/22 MP: 4/4
  2326 | D:3      | HP: 1/22 [adder (1)]
  2327 | D:3      | Hit by a stone thrown by a kobold

Illustrated notes

Levels and vault maps discovered:
D:1:      minmay_arrival_five_plusses, layout_rooms
D:2:      layout_loops_ring
D:3:      layout_basic, kennysheep_nub, uniq_sigmund, uniq_ijyb

Skill      XL: |  1  2  3 |
---------------+----------+-----
Stealth        | 1 2 3 |  3.2
Invocations    | 2 |  2.5
Short Blades   | 3 |  3.2
Fighting       | |  2.6
Armour         | |  0.7
Dodging        | |  2.1

Action                   || total
-------------------------++-------
Melee: Short sword       ||   106
       Bite              ||     6
 Abil: Exsanguinate      ||     1
 Stab: Sleeping          ||    12
Armor: Leather armour    ||    38
Dodge: Dodged            ||    77
